 Dungeon Crawl Stone Soup version 0.24-a0-278-gefa1973 (webtiles) character file.

Game seed: 7234759626791361706

217 MisterFreud the Slasher (level 5, -3/36 HPs)
             Began as an Octopode Fighter on Apr 30, 2019.
             Killed from afar by an orc wizard (5 damage)
             ... with a magic dart
             ... on level 4 of the Dungeon.
             The game lasted 00:04:37 (2462 turns).

MisterFreud the Slasher (Octopode Fighter)          Turns: 2462, Time: 00:04:37

Health: -3/36      AC:  1    Str: 16    XL:     5   Next: 94%
Magic:  5/5        EV: 11    Int: 11    God:
Gold:   109        SH:  9    Dex: 11    Spells: 2/4 levels left

rFire    . . .     SeeInvis .   a - +1 long sword
rCold    . . .     Gourm    .   b - +1 shield
rNeg     . . .     Faith    .   (helmet restricted)
rPois    .         Spirit   .   (no amulet)
rElec    .         Reflect  .   (no ring)
rCorr    .         Harm     .   (no ring)
MR       .....                  (no ring)
Stlth    ++........             (no ring)
HPRegen  0.12/turn              (no ring)
MPRegen  0.09/turn              (no ring)
                                (no ring)
                                (no ring)

@: no status effects
A: almost no armour, stealthy swim, amphibious, 8 rings, constrict 8, camouflage
1, gelatinous body 1
a: no special abilities


You were on level 4 of the Dungeon.
You were not hungry.

You visited 1 branch of the dungeon, and saw 4 of its levels.

You collected 109 gold pieces.

Inventory:

Hand Weapons
 a - a +1 long sword (weapon)
 y - a +2 trident of flaming
Missiles
 g - 27 sling bullets
 h - a throwing net (quivered)
 i - 18 bolts
 j - 14 arrows
 k - 18 poisoned needles
 l - 39 stones
 p - 5 needles of confusion
 s - 2 tomahawks
Armour
 b - a +1 shield (worn)
Scrolls
 n - a scroll of enchant weapon
 o - 2 scrolls of remove curse
 x - a scroll of enchant armour
Potions
 c - a potion of might
 e - a potion of haste
 f - a potion of flight
 q - 2 potions of ambrosia {unknown}
 r - a potion of brilliance {unknown}
 t - a potion of curing {unknown}
 u - a potion of berserk rage {unknown}
 v - a potion of magic {unknown}
 w - a potion of heal wounds {unknown}
Comestibles
 d - 5 rations
 m - 7 chunks of flesh


   Skills:
 - Level 3.0 Fighting
 - Level 6.0 Long Blades
 + Level 3.0 Dodging
 - Level 3.0 Shields


You had 2 spell levels left.
You knew the following spells:

 Your Spells              Type           Power        Failure   Level  Hunger
a - Blink                 Tloc           N/A          94%         2    ###....

Your spell library contained the following spells:

 Spells                   Type           Power        Failure   Level  Hunger
 Magic Dart               Conj           #...         86%         1    ##.....
 Call Imp                 Summ           #.......     94%         2    ###....
 Slow                     Hex            #.......     94%         2    ###....
 Conjure Flame            Conj/Fire      #.......     99%         3    ####...
 Mephitic Cloud           Conj/Pois/Air  #.......     99%         3    ####...


Dungeon Overview and Level Annotations

Branches:
Dungeon (4/15)
 Temple: D:4-7

Altars:
Trog


Innate Abilities, Weirdness & Mutations

You cannot wear most types of armour.
You are very stealthy in the water. (Stealth+)
You are amphibious.
You can wear up to eight rings at the same time.
You can use your tentacles to constrict eight enemies at once.
Your skin changes colour to match your surroundings (Stealth+).
Your rubbery body absorbs attacks. (AC +1, EV +1)


Message History

The orc wizard is severely wounded.
The orc wizard points at you and mumbles some strange words.
The puff of frost hits you!
You closely miss the orc wizard. Your grab misses the orc wizard.
You squeeze the orc wizard.
The orc wizard is almost dead.
The orc wizard barely misses you.
You closely miss the orc wizard. Your grab misses the orc wizard.
The orc wizard is almost dead.
The orc wizard casts a spell at you. The puff of flame hits you!
* * * LOW HITPOINT WARNING * * *
The orc wizard hits you with a +0 dagger.
* * * LOW HITPOINT WARNING * * *
You barely miss the orc wizard. You grab the orc wizard.
The orc wizard is almost dead.
You constrict the orc wizard.
The orc wizard gestures at you while chanting.
The magic dart hits you.
You die...

## ##. ##.
#.> .. #.#
.## #. #..
.....#.##.#
......)..#
.###.#o#o#
#..#@#
##.#.#
.##.# # #.#
#.#
###.####
#......#
#.#.##.# .#
#.#..#.#


You could see an orc wizard.

Vanquished Creatures
  A hound (D:4)
  Jessica (D:3)
  3 gnolls
  5 adders
  2 worms
  3 dart slugs
  A leopard gecko (D:2)
  9 orcs
  2 giant cockroaches
  3 goblins
  5 hobgoblins
  10 jackals
  7 kobolds
  2 quokkas (D:3)
  5 bats
  2 frilled lizards
  11 rats
72 creatures vanquished.

Notes
Turn   | Place    | Note
-------+----------+-------------------------------------------
     0 | D:1      | MisterFreud the Octopode Fighter began the quest for the
                  | Orb.
     0 | D:1      | Reached XP level 1. HP: 16/16 MP: 1/1
   173 | D:1      | Reached XP level 2. HP: 15/21 MP: 2/2
   230 | D:1      | You fall through a shaft!
   241 | D:2      | Reached skill level 3 in Long Blades
   254 | D:2      | Reached XP level 3. HP: 19/26 MP: 3/3
   980 | D:2      | Reached skill level 4 in Long Blades
  1129 | D:3      | Noticed Jessica
  1133 | D:3      | Killed Jessica
  1133 | D:3      | Reached XP level 4. HP: 31/31 MP: 4/4
  1735 | D:3      | Reached skill level 5 in Long Blades
  1747 | D:3      | Reached XP level 5. HP: 35/36 MP: 5/5
  1781 | D:3      | Noticed a moth of wrath
  1783 | D:3      | Found a bloodstained altar of Trog.
  1796 | D:3      | Learned a level 2 spell: Blink
  2247 | D:4      | Noticed a necrophage
  2248 | D:4      | Noticed an ogre
  2456 | D:4      | Reached skill level 6 in Long Blades
  2462 | D:4      | Killed from afar by an orc wizard

Levels and vault maps discovered:
D:1:      psy_arrival_conway, layout_loops_ring
D:2:      layout_rooms, first_ration
D:3:      layout_loops_corners, tgw_trog, uniq_jessica
D:4:      layout_loops_cross, uniq_duvessa

Skill      XL: |  1  2  3  4  5 |
---------------+----------------+-----
Long Blades    | 3 4 5 6 |  6.0
Fighting       | |  3.0
Dodging        | |  3.0
Shields        | |  3.0

Action                   |  1- 3 |  4- 6 || total
-------------------------+-------+-------++-------
Melee: Long sword        |    63 |    73 ||   136
       Tentacles         |    17 |    20 ||    37
       Constrict         |    22 |    26 ||    48
  Use: Scroll            |     3 |     6 ||     9
 Stab: Sleeping          |     1 |     6 ||     7
  Eat: Chunk             |     1 |     4 ||     5
Armor: Skin              |     5 |     3 ||     8
Dodge: Dodged            |    22 |    27 ||    49
Block: Shield            |    34 |    32 ||    66
       Rpst.: Long sword |     6 |    11 ||    17

Table legend:
 A = Non-vault XP
 B = Vault XP
 C = Vault XP percentage of total XP
 D = Non-vault monster count
 E = Vault monster count
 F = Vault count percentage of total count
                 A         B        C        D         E       F
            +---------+---------+-------+---------+---------+-------
      Total |     264 |      46 |  14.8 |      66 |       6 |   8.3
            +---------+---------+-------+---------+---------+-------
        D:1 |      21 |       0 |   0.0 |      10 |       0 |   0.0
        D:2 |      49 |       0 |   0.0 |      23 |       0 |   0.0
        D:3 |      98 |      46 |  31.9 |      23 |       6 |  20.7
        D:4 |      96 |       0 |   0.0 |      10 |       0 |   0.0
            +---------+---------+-------+---------+---------+-------
